 Dungeon Crawl Stone Soup version 0.24-a0-537-g2d01d4ab0a (webtiles) character file.

Game seed: 6327570726360813778

190 Kisielow the Cudgeler (level 5, -1/33 HPs)
             Began as a Gargoyle Fighter on Aug 13, 2019.
             Killed by divine providence
             ... invoked by an orc priest
              (13 damage)
             ... on level 4 of the Dungeon.
             The game lasted 00:04:32 (2445 turns).

Kisielow the Cudgeler (Gargoyle Fighter)            Turns: 2445, Time: 00:04:33

Health: -1/33      AC: 11    Str: 21    XL:     5   Next: 69%
Magic:  5/5        EV:  7    Int:  8    God:
Gold:   163        SH:  9    Dex:  9    Spells: 4/4 levels left

rFire    . . .     SeeInvis .   a - +1 flail
rCold    . . .     Gourm    .   c - +0 shield
rNeg     + . .     Faith    .   b - +0 scale mail
rPois    ∞         Spirit   .   u - +0 hat
rElec    +         Reflect  .   (no cloak)
rCorr    .         Harm     .   (no gloves)
MR       .....                  (no boots)
Stlth    ..........             (no amulet)
HPRegen  0.11/turn              (no ring)
MPRegen  0.09/turn              (no ring)

@: no status effects
A: negative energy resistance 1, electricity resistance, unbreathing,
petrification resistance, rot immunity, AC +4
a: no special abilities


You were on level 4 of the Dungeon.
You were hungry.

You visited 1 branch of the dungeon, and saw 4 of its levels.

You collected 163 gold pieces.

Inventory:

Hand Weapons
 a - a +1 flail (weapon)
Armour
 b - a +0 scale mail (worn)
 c - a +0 shield (worn)
 u - a +0 hat (worn)
Scrolls
 e - 3 scrolls of teleportation
 j - a scroll of amnesia
 q - a scroll of remove curse
Potions
 d - a potion of might
 h - 4 potions of magic
 i - 3 potions of curing
 k - a potion of lignification {unknown}
 n - a potion of agility {unknown}
 o - a potion of heal wounds
 p - a potion of cancellation {unknown}
 r - a potion of invisibility {unknown}
 w - a potion of haste
 x - a potion of flight
Comestibles
 f - 10 rations


   Skills:
 + Level 3.7 Fighting
 * Level 4.8 Maces & Flails
 + Level 3.8 Armour
 + Level 3.7 Shields


You had 4 spell levels left.
You didn't know any spells.
Your spell library contained the following spells:

 Spells                   Type           Power        Failure   Level  Hunger
 Corona                   Hex            #......      99%         1    ##.....
 Ensorcelled Hibernation  Hex/Ice        #.....       100%        2    ###....
 Confuse                  Hex            #.......     100%        3    ####...
 Dazzling Spray           Conj/Hex       #.....       100%        3    ####...
 Tukima's Dance           Hex            #.......     100%        3    ####...


Dungeon Overview and Level Annotations

Branches:
Dungeon (4/15)
 Temple: D:4-7

Altars:
Cheibriados

Annotations:
D:3 3 runed translucent doors, PeterQ's ghost, amateur VSGl


Innate Abilities, Weirdness & Mutations

You are resistant to torment.
Your stone body is resilient. (AC +4)
You are immune to poison.
You resist negative energy. (rN+)
You are resistant to electric shocks. (rElec)
You can survive without breathing.
You are immune to petrification.
You are immune to rotting.


Message History

There is a stone staircase leading down here.
You sock the orc!
You kill the orc!
The orc priest looks satisfied for a moment.
Things that are here:
a +0 club; a +0 leather armour; an orc corpse You closely miss the orc priest.
You block the orc priest's attack.
You thump the orc priest!
The orc priest is severely wounded.
The orc priest calls down the wrath of Beogh upon you.
Beogh smites you!
Ouch! That really hurt!
You hit the orc priest but do no damage.
The orc priest is severely wounded.
The orc priest hits you but does no damage.
You hit the orc priest but do no damage.
The orc priest is severely wounded.
The orc priest mumbles some strange prayers to Beogh against you.
Beogh smites you!
You die...

#.######§#
#...§§§#§########
#####§.§.§......#
#§§########..
#...........#
##.########.# #.#
.# #.########.#
#...!.>.@oo#
##########.# ..#
.#.# o##.# o# #.#
.# .# .# #


You could see an orc priest and an orc wizard.

Vanquished Creatures
  2 orc wizards (D:3)
  A worker ant (D:4)
  3 adders
  A worm (D:2)
  2 dart slugs
  A leopard gecko (D:1)
  10 orcs
  A giant cockroach (D:2)
  4 goblins
  6 hobgoblins
  12 jackals
  5 kobolds
  A quokka (D:3)
  3 bats
  7 frilled lizards
  5 rats
64 creatures vanquished.

Notes
Turn   | Place    | Note
-------+----------+-------------------------------------------
     0 | D:1      | Kisielow the Gargoyle Fighter began the quest for the Orb.
     0 | D:1      | Reached XP level 1. HP: 14/14 MP: 1/1
   327 | D:1      | Reached XP level 2. HP: 16/19 MP: 2/2
   536 | D:1      | Reached skill level 3 in Maces & Flails
   760 | D:2      | Reached XP level 3. HP: 18/23 MP: 3/3
  1480 | D:3      | Reached skill level 4 in Maces & Flails
  1489 | D:3      | Reached XP level 4. HP: 26/28 MP: 4/4
  1962 | D:3      | Reached XP level 5. HP: 32/32 MP: 5/5
  1990 | D:3      | Found a snail-covered altar of Cheibriados.
  2059 | D:3      | Noticed PeterQ's ghost (amateur VSGl)
  2060 | D:3      | Found a runed translucent gate.
  2061 | D:3      | Found a runed translucent gate.
  2061 | D:3      | Found a runed translucent gate.
  2061 | D:3      | Noticed an orc warrior
  2445 | D:4      | Killed from afar by an orc priest

Levels and vault maps discovered:
D:1:      dpeg_arrival_orchard, layout_basic
D:2:      layout_loops_ring, minmay_pentomino_t2
D:3:      layout_rooms, cheibriados_altar_1, gammafunk_ghost_split
D:4:      layout_loops_ring, kennysheep_little_box,
          nicolae_overflow_hidden_temple, minmay_temple_entry_offerings,
          first_ration, uniq_pikel

Skill      XL: |  1  2  3 |
---------------+----------+-----
Maces & Flails | 3 4 |  4.8
Fighting       | |  3.7
Armour         | |  3.8
Shields        | |  3.7

Action                   |  1- 3 |  4- 6 || total
-------------------------+-------+-------++-------
Melee: Flail             |   160 |   121 ||   281
  Use: Scroll            |       |    11 ||    11
  Eat: Chunk             |     2 |     3 ||     5
Armor: Scale mail        |    77 |   100 ||   177
Dodge: Dodged            |    60 |    47 ||   107
Block: Shield            |    83 |    88 ||   171

Table legend:
 A = Non-vault XP
 B = Vault XP
 C = Vault XP percentage of total XP
 D = Non-vault monster count
 E = Vault monster count
 F = Vault count percentage of total count
                 A         B        C        D         E       F
            +---------+---------+-------+---------+---------+-------
      Total |     270 |       2 |   0.7 |      63 |       1 |   1.6
            +---------+---------+-------+---------+---------+-------
        D:1 |      24 |       0 |   0.0 |      14 |       0 |   0.0
        D:2 |      41 |       2 |   4.7 |      16 |       1 |   5.9
        D:3 |     169 |       0 |   0.0 |      31 |       0 |   0.0
        D:4 |      36 |       0 |   0.0 |       2 |       0 |   0.0
            +---------+---------+-------+---------+---------+-------
